Map: Void Thrashing

Players

ViS

  • Race: Zerg Zerg

AznHopeful

  • Race: Terran Terran
  • Spawn Location: 6:00

VOD

Have the link to the VOD?

Description

Time

  • Played on: Feb. 28, 2018, 10:10 a.m.
  • Length: 10:45
Show
View Real Time Build Order
Export as new Build Order

ViS Zerg 

Build Orders:  

Get SALT Encoding   

  18  0:03  Primal Drone  
  19  0:12  Primal Drone  
  19  0:18  Primal Drone  
  21  0:28  Extractor  
  21  0:51  Primal Warden  
  21  0:56  Primal Drone  
  23  1:00  Primal Drone  
  24  1:10  Primal Drone  
  24  1:19  Primal Drone  
  26  1:22  Primal Drone  
  27  1:32  Extractor  
  27  2:01  Glevig's Den  
  26  2:14  Primal Drone x3  
  26  2:18  Primal Warden  
  29  2:25  Primal Drone  
  30  2:44  Primal Drone  
  31  3:04  Primal Drone  
  32  3:13  Primal Drone  
  33  3:35  Primal Hydralisk x2  
  33  3:37  Murvar's Den  
  36  3:40  Primal Drone  
  36  3:41  Primal Hydralisk x2  
  41  3:54  Primal Drone  
  42  4:00  Primal Attacks Level 1  
  42  4:07  Impaler  
  41  4:25  Primal Drone x2  
  43  4:30  Impaler  
  43  4:31  Primal Hydralisk x2  
  43  4:33  Tenderize  
  46  4:50  Primal Drone x2  
  46  4:53  Primal Hydralisk x2  
  52  5:21  Primal Hydralisk x2  
  52  5:22  Impaler  
  52  5:24  Impaler  
  52  5:27  Impaler x2  
  54  6:16  Primal Hydralisk x2  
  54  6:18  Primal Hydralisk x2  
  62  6:25  Dakrun's Den  
  61  6:31  Impaler x2  
  61  6:32  Primal Hydralisk  
  61  7:02  Impaler  
  61  7:03  Impaler  
  61  7:04  Impaler  
  52  7:36  Impaler x3  
  52  7:53  Primal Hydralisk x3  
  52  7:54  Primal Drone x2, Primal Hydralisk  
  52  7:55  Primal Drone x2  
  52  7:57  Impaler x5  
  64  8:07  Impaler x2  
  64  8:08  Impaler x4  
  61  8:11  Primal Hydralisk x2  
  65  8:29  Primal Hydralisk  
  67  8:31  Primal Drone x3  
  67  8:39  Primal Wurm  
  71  8:48  Primal Drone  
  72  8:56  Impaler x2  
  70  9:00  Impaler  
  70  9:03  Impaler  
  69  9:10  Impaler x3  
  69  9:21  Primal Hydralisk x2  
  69  9:22  Primal Drone x2  
  75  9:55  Impaler x6  
  75  10:03  Primal Hydralisk x4  
Show
View Real Time Build Order
Export as new Build Order

AznHopeful Terran 

Build Orders:  

Get SALT Encoding   

  12  0:06  SCV  
  13  0:23  SCV  
  13  0:27  Supply Depot  
  15  0:40  SCV  
  15  0:57  SCV  
  16  1:05  Refinery  
  16  1:14  SCV  
  17  1:20  Refinery  
  18  1:31  SCV  
  18  1:47  SCV  
  19  1:54  Factory  
  19  2:04  SCV  
  21  2:20  Factory Tech Reactor  
  21  2:21  SCV  
  21  2:38  SCV  
  22  2:41  Armory  
  22  2:55  SCV  
  23  3:04  Supply Depot  
  23  3:18  SCV  
  24  3:35  SCV  
  25  3:49  Supply Depot  
  26  3:51  Cyclone  
  26  3:52  SCV  
  29  4:19  Cyclone  
  32  4:43  Cyclone  
  35  4:51  Supply Depot  
  35  4:55  Cyclone  
  38  5:21  Cyclone  
  38  5:23  Upgrade Laser Drill Level 1  
  41  5:47  Supply Depot  
  41  6:14  Terran Vehicle and Ship Weapons Level 1  
  41  6:20  Hellion  
  41  6:21  Hellion  
  42  6:44  Hellion  
  42  6:45  Hellion  
  42  6:47  Mag-Field Accelerator  
  46  7:08  Cyclone  
  49  7:23  Cyclone  
  52  7:30  Supply Depot  
  52  8:03  Supply Depot  
  52  8:11  Hellbat  
  52  8:14  Cyclone  
  52  8:16  Infernal Pre-Igniter  
  55  8:35  Hellbat  
  53  8:44  Hellbat  
  55  8:55  Factory  
  55  8:58  Hellbat  
  57  9:08  Hellbat  
  61  9:22  Hellbat  
  60  9:32  Hellbat  
  60  9:52  Cyclone  
  63  10:02  Cyclone  
  63  10:07  Hellbat  
Tags
 
Commander
DehakaSwann
Matchup
Co-op
Replay Pack
Co-op Speedrun
Add a new tag
Caveats
  • Supply blocks, unpowered buildings, or Contaminate may cause inaccurate times.
  • Supply counts are checked every 10 seconds.